AoeStats
← (Arm)_Alexios22

Arabia

510250247Analyzed
1v1 RM · 2d ago on Sep 30, 2026· 60m 43s· 2 players
Game mode
Random Map
Map size
Tiny (2 player)
Population
200
Speed
Normal
Resources
Standard
Victory
Conquest
Starting age
Dark Age
Ending age
Imperial Age
RankedLock teamsTeams togetherTeam positionsShared explorationLock speedFull tech treeHidden civsTurbo modeCheats
Victory
Defeat
🇨🇳 Danes · China
1085
+14
🇺🇸 Saxons · United States
1051
-14
我的哈哈哈
2:29 Loom
9:34 Feudal Age
11:31 Horse Collar
15:25 Double-Bit Axe
23:16 Castle Age
21:53 Bloodlines
22:00 Gold Mining
22:27 Fletching
23:48 Padded Archer Armor
24:05 Padded Archer Armor
24:25 Husbandry
24:51 Bodkin Arrow
34:19 Stone Mining
36:46 Scale Mail Armor
36:51 Squires
41:20 Chain Mail Armor
41:35 Heavy Plow
51:29 Imperial Age
49:49 Forging
51:02 Gold Shaft Mining
51:14 Bow Saw
51:49 Wheelbarrow
52:20 Iron Casting
52:04 Arson
53:02 Plate Mail Armor
52:43 Hamask
54:20 Onager
55:09 Murder Holes
55:25 Masonry
56:08 Gambesons
56:48 Siege Engineers
57:44 Chemistry
57:12 Conscription
57:28 Hoardings
58:19 Blast Furnace
57:18 Town Watch
57:50 Hand Cart
58:20 Stone Shaft Mining
58:32 Northmen's Fury
59:29 Elite Varangian Guard
(Arm)_Alexios22
0:36 Loom
10:35 Feudal Age
11:01 Double-Bit Axe
10:49 Man-at-Arms
13:49 Horse Collar
17:05 Stone Mining
22:56 Castle Age
21:37 Scale Mail Armor
21:58 Gold Mining
23:44 Squires
23:58 Bow Saw
25:11 Town Watch
27:48 Wheelbarrow
27:39 Forging
28:08 Fletching
32:53 Chain Mail Armor
34:33 Heavy Plow
36:55 Gold Shaft Mining
45:45 Imperial Age
46:59 Conscription
47:24 Plate Mail Armor
47:58 Bodkin Arrow
50:33 Iron Casting
50:38 Arson
50:38 Gambesons
52:23 Shield Wall
53:55 Heavy Mounted Crossbowman
53:59 Cranequins
57:41 Two-Man Saw
Connection lost

Rejoining the realm…

Still unreachable

The connection could not be restored.

Session expired

The server has moved on; the page needs a fresh start.